PAAA
BLOOMINGTON LONGNECKS @ PORT ROYAL DISASTER
08/12/2041
 
TOP OF THE 1ST
Bloomington Longnecks batting - Pitching for Port Royal Disaster : RHP Thie Calkhoven
Pitching: RHP Thie Calkhoven
Batting: RHB Charles Sheffield 0-0: Bunt for hit to 2R - play at first, batter OUT! 2-3
Batting: LHB Sean Cox 0-0: Fly out, F7 (Flyball, 78S, EV 89.4 MPH)
Batting: RHB Dao-zi Zhan 0-0: Fly out, F4 (Popup, 34, EV 45.6 MPH)
Top of the 1st over - 0 runs, 0 hits, 0 errors, 0 left on base; Bloomington 0 - Port Royal 0
BOTTOM OF THE 1ST
Port Royal Disaster batting - Pitching for Bloomington Longnecks : LHP Domingo Montémayor
Pitching: LHP Domingo Montémayor
Batting: RHB Sean Roberts 0-0: Ball
1-0: Swinging Strike
1-1: Foul Ball, location: 2F
1-2: Foul Ball, location: 2F
1-2: Ground out 3-1 (Groundball, 34, EV 86.2 MPH)
Batting: RHB Michael Brannon 0-0: Ball
1-0: Swinging Strike
1-1: Fly out, F9 (Flyball, 9S, EV 76.2 MPH)
Batting: RHB Jaime Espinar 0-0: Fly out, F5 (Popup, 6S, EV 78.1 MPH)
Bottom of the 1st over - 0 runs, 0 hits, 0 errors, 0 left on base; Bloomington 0 - Port Royal 0
TOP OF THE 2ND
Bloomington Longnecks batting - Pitching for Port Royal Disaster : RHP Thie Calkhoven
Batting: LHB John Schaefer 0-0: Ball
1-0: Ball
2-0: Ground out U3 (Groundball, 3, EV 107.5 MPH)
Batting: LHB Pedro Gutiérrez 0-0: Foul Ball, location: 2F
0-1: Foul Ball, location: 2F
0-2: Foul Ball, location: 2F
0-2: Ball
1-2: Ball
2-2: Ground out 6-3 (Groundball, 6MS, EV 68.1 MPH)
Batting: LHB Oscar Finley 0-0: Foul Ball, location: 2F
0-1: Ball
1-1: Foul Ball, location: 2F
1-2: Foul Ball, location: 2F
1-2: Foul Ball, location: 2F
1-2: Foul Ball, location: 2F
1-2: Ball
2-2: Ball
3-2: Base on Balls
Batting: LHB Wayne Noble 0-0: Ball
1-0: Ball
2-0: Ball
3-0: Called Strike
3-1: Ground out 4-3 (Groundball, 34, EV 88.8 MPH)
Top of the 2nd over - 0 runs, 0 hits, 0 errors, 1 left on base; Bloomington 0 - Port Royal 0
BOTTOM OF THE 2ND
Port Royal Disaster batting - Pitching for Bloomington Longnecks : LHP Domingo Montémayor
Batting: RHB Mariano Juderías 0-0: Ball
1-0: Ball
2-0: Called Strike
2-1: SINGLE (Groundball, 56D, EV 106.2 MPH)
Batting: RHB Sean Wallace 0-0: Called Strike
0-1: Foul Ball, location: 2F
0-2: Fly out, F9 (Flyball, 89S, EV 85.0 MPH)
Batting: RHB Gerold Kent 0-0: SINGLE (Line Drive, 8RM, EV 109.4 MPH)
Mariano Juderías to second
Batting: RHB Louie Kennard 0-0: Called Strike
0-1: Ball
1-1: SINGLE (Groundball, 6D, EV 105.6 MPH)
Mariano Juderías to third
Gerold Kent to second
Runner from 3rd tries for Home, SAFE, throw by CF to home
Batting: LHB Gabriel Amezquita 0-0: Ball
1-0: Grounds into double play, 4-6-3 (Groundball, 4, EV 80.0 MPH)
Bottom of the 2nd over - 1 run, 3 hits, 0 errors, 1 left on base; Bloomington 0 - Port Royal 1
TOP OF THE 3RD
Bloomington Longnecks batting - Pitching for Port Royal Disaster : RHP Thie Calkhoven
Batting: LHB Carlos Sánchez 0-0: Ground out U3 (Groundball, 3S, EV 81.9 MPH)
Batting: RHB Bernalldo Corunha 0-0: Foul Ball, location: 2F
0-1: DOUBLE (Line Drive, 78D, EV 100.0 MPH)
Batting: RHB Charles Sheffield 0-0: Fly out, F8 (Line Drive, 8RD, EV 101.9 MPH)
Batting: LHB Sean Cox 0-0: Ground out 5-3 (Groundball, 56S, EV 91.9 MPH)
Top of the 3rd over - 0 runs, 1 hit, 0 errors, 1 left on base; Bloomington 0 - Port Royal 1
BOTTOM OF THE 3RD
Port Royal Disaster batting - Pitching for Bloomington Longnecks : LHP Domingo Montémayor
Batting: RHB Steve Bock 0-0: Fly out, F6 (Line Drive, 6, EV 70.6 MPH)
Batting: RHB Sean Roberts 0-0: Ball
1-0: Swinging Strike
1-1: Ball
2-1: Ground out U3 (Groundball, 34S, EV 68.8 MPH)
Batting: RHB Michael Brannon 0-0: Ball
1-0: Ground out 5-3 (Groundball, 56, EV 80.0 MPH)
Bottom of the 3rd over - 0 runs, 0 hits, 0 errors, 0 left on base; Bloomington 0 - Port Royal 1
TOP OF THE 4TH
Bloomington Longnecks batting - Pitching for Port Royal Disaster : RHP Thie Calkhoven
Batting: RHB Dao-zi Zhan 0-0: SINGLE (Flyball, 89S, EV 91.9 MPH)
Batting: LHB John Schaefer 0-0: Swinging Strike
0-1: Ball
1-1: Foul Ball, location: 2F
1-2: Strikes out swinging
Batting: LHB Pedro Gutiérrez 0-0: Ball
1-0: Ball
2-0: SINGLE (Groundball, 3D, EV 100.0 MPH)
Dao-zi Zhan to second
Runner from 2nd tries for 3rd, SAFE, throw by RF made to third
Batting: LHB Oscar Finley 0-0: Ball
1-0: Called Strike
1-1: Called Strike
1-2: SINGLE (Groundball, 4MD, EV 96.2 MPH)
Dao-zi Zhan scores
Pedro Gutiérrez to second
Runner from 2nd tries for 3rd, SAFE, no throw by CF
Batting: LHB Wayne Noble 0-0: Ball
1-0: Called Strike
1-1: SINGLE (Line Drive, 8LS, EV 93.8 MPH)
Pedro Gutiérrez scores
Oscar Finley to second
Batting: LHB Carlos Sánchez 0-0: Called Strike
0-1: Ball
1-1: Foul Ball, location: 2F
1-2: Ball
2-2: Foul Ball, location: 2F
2-2: Foul Ball, location: 2F
2-2: Ball
3-2: Fly out, F9 (Line Drive, 9, EV 106.2 MPH)
Batting: RHB Bernalldo Corunha 0-0: Called Strike
0-1: Hit by Pitch
Oscar Finley to third
Wayne Noble to second
Batting: RHB Charles Sheffield 0-0: Called Strike
0-1: Ball
1-1: Ball
2-1: Ball
3-1: Foul Ball, location: 2F
3-2: Foul Ball, location: 2F
3-2: Ground out 5-3 (Groundball, 5, EV 83.1 MPH)
Top of the 4th over - 2 runs, 4 hits, 0 errors, 3 left on base; Bloomington 2 - Port Royal 1
BOTTOM OF THE 4TH
Port Royal Disaster batting - Pitching for Bloomington Longnecks : LHP Domingo Montémayor
Batting: RHB Jaime Espinar 0-0: Ball
1-0: Ground out 6-3 (Groundball, 6, EV 105.0 MPH)
Batting: RHB Mariano Juderías 0-0: Foul Ball, location: 2F
0-1: Ball
1-1: Fly out, F9 (Flyball, 9, EV 81.2 MPH)
Batting: RHB Sean Wallace 0-0: Called Strike
0-1: Ball
1-1: Called Strike
1-2: Foul Ball, location: 2F
1-2: Fly out, F6 (Line Drive, 6, EV 66.2 MPH)
Bottom of the 4th over - 0 runs, 0 hits, 0 errors, 0 left on base; Bloomington 2 - Port Royal 1
TOP OF THE 5TH
Bloomington Longnecks batting - Pitching for Port Royal Disaster : RHP Thie Calkhoven
Batting: LHB Sean Cox 0-0: SINGLE (Groundball, 3D, EV 108.1 MPH)
Batting: RHB Dao-zi Zhan 0-0: Foul Ball, location: 2F
0-1: Called Strike
0-2: Ball
1-2: Foul Ball, location: 2F
1-2: Ball
2-2: Ball
3-2: Strikes out swinging
Batting: LHB John Schaefer 0-0: SINGLE (Line Drive, 8RS, EV 98.8 MPH)
Sean Cox to second
Batting: LHB Pedro Gutiérrez 0-0: Called Strike
0-1: Swinging Strike
0-2: Strikes out swinging
Batting: LHB Oscar Finley 0-0: Swinging Strike
0-1: Ball
1-1: Ground out U3 (Groundball, 34D, EV 90.6 MPH)
Top of the 5th over - 0 runs, 2 hits, 0 errors, 2 left on base; Bloomington 2 - Port Royal 1
BOTTOM OF THE 5TH
Port Royal Disaster batting - Pitching for Bloomington Longnecks : LHP Domingo Montémayor
Batting: RHB Gerold Kent 0-0: Called Strike
0-1: Fly out, F9 (Flyball, 9S, EV 86.9 MPH)
Batting: RHB Louie Kennard 0-0: Foul Ball, location: 2F
0-1: Ball
1-1: Foul Ball, location: 2F
1-2: Foul Ball, location: 2F
1-2: Fly out, F9 (Flyball, 9S, EV 80.6 MPH)
Batting: LHB Gabriel Amezquita 0-0: Ball
1-0: Ground out 4-3 (Groundball, 34D, EV 92.5 MPH)
Bottom of the 5th over - 0 runs, 0 hits, 0 errors, 0 left on base; Bloomington 2 - Port Royal 1
TOP OF THE 6TH
Bloomington Longnecks batting - Pitching for Port Royal Disaster : RHP Thie Calkhoven
Batting: LHB Wayne Noble 0-0: Ball
1-0: Foul Ball, location: 2F
1-1: Fly out, F8 (Line Drive, 8RM, EV 100.6 MPH)
Batting: LHB Carlos Sánchez 0-0: Ball
1-0: Swinging Strike
1-1: Ball
2-1: Foul Ball, location: 2F
2-2: Foul Ball, location: 2F
2-2: Ground out 6-3 (Groundball, 6, EV 85.0 MPH)
Batting: RHB Bernalldo Corunha 0-0: Ball
1-0: Ground out 5-3 (Groundball, 5L, EV 90.0 MPH)
Top of the 6th over - 0 runs, 0 hits, 0 errors, 0 left on base; Bloomington 2 - Port Royal 1
BOTTOM OF THE 6TH
Port Royal Disaster batting - Pitching for Bloomington Longnecks : LHP Domingo Montémayor
Batting: RHB Steve Bock 0-0: Called Strike
0-1: Called Strike
0-2: Ball
1-2: Strikes out swinging
Batting: RHB Sean Roberts 0-0: Ball
1-0: Swinging Strike
1-1: Swinging Strike
1-2: Ball
2-2: Strikes out swinging
Batting: RHB Michael Brannon 0-0: Ball
1-0: DOUBLE (Flyball, 78XD, EV 111.2 MPH)
Batting: RHB Jaime Espinar 0-0: SINGLE (Groundball, 6MD, EV 95.0 MPH)
Michael Brannon to third
Runner from 3rd tries for Home, SAFE, throw by CF to home
Batting: RHB Mariano Juderías 0-0: Ball
1-0: Called Strike
1-1: Ball
2-1: Foul Ball, location: 2F
2-2: Strikes out looking
Bottom of the 6th over - 1 run, 2 hits, 0 errors, 1 left on base; Bloomington 2 - Port Royal 2
TOP OF THE 7TH
Bloomington Longnecks batting - Pitching for Port Royal Disaster : RHP Thie Calkhoven
Batting: RHB Charles Sheffield 0-0: Ball
1-0: Ball
2-0: SINGLE (Groundball, 56, EV 95.6 MPH)
Batting: LHB Sean Cox 0-0: Swinging Strike
0-1: Called Strike
0-2: Ball
1-2: Grounds into double play, 4-6-3 (Groundball, 4, EV 87.5 MPH)
Batting: RHB Dao-zi Zhan 0-0: Ball
1-0: Ball
2-0: Ball
3-0: Called Strike
3-1: Called Strike
3-2: Ground out 3-1 (Groundball, 34, EV 83.1 MPH)
Top of the 7th over - 0 runs, 1 hit, 0 errors, 0 left on base; Bloomington 2 - Port Royal 2
BOTTOM OF THE 7TH
Port Royal Disaster batting - Pitching for Bloomington Longnecks : LHP Domingo Montémayor
Batting: RHB Sean Wallace 0-0: Foul Ball, location: 2F
0-1: Ground out 6-3 (Groundball, 6, EV 108.8 MPH)
Batting: RHB Gerold Kent 0-0: Ball
1-0: Ball
2-0: Called Strike
2-1: Ball
3-1: SINGLE (Groundball, 6MD, EV 96.9 MPH)
Pitching: RHP Tom Peña
Batting: RHB Louie Kennard 0-0: Ball
1-0: Fielders Choice at 2nd, 6-4 (Groundball, 6, EV 104.4 MPH)
Batting: LHB Gabriel Amezquita 0-0: Ball
1-0: Swinging Strike
1-1: Foul Ball, location: 2F
1-2: Ball
2-2: Fly out, F5 (Popup, 5F, EV 72.5 MPH)
Bottom of the 7th over - 0 runs, 1 hit, 0 errors, 1 left on base; Bloomington 2 - Port Royal 2
TOP OF THE 8TH
Bloomington Longnecks batting - Pitching for Port Royal Disaster : RHP Thie Calkhoven
Pitching: RHP Chenor Njie
Batting: LHB John Schaefer 0-0: Ball
1-0: Foul Ball, location: 2F
1-1: Called Strike
1-2: Foul Ball, location: 2F
1-2: Ball
2-2: Ball
3-2: SOLO HOME RUN (Line Drive, 7D, EV 110.0 MPH), Distance : 365 ft
Batting: LHB Pedro Gutiérrez 0-0: Ball
1-0: Ball
2-0: Called Strike
2-1: Fly out, F5 (Popup, 5SF, EV 76.2 MPH)
Batting: LHB Oscar Finley 0-0: Ground out 5-3 (Groundball, 5, EV 90.0 MPH)
Batting: LHB Wayne Noble 0-0: Ball
1-0: Ball
2-0: Called Strike
2-1: Ground out 4-3 (Groundball, 4, EV 87.5 MPH)
Top of the 8th over - 1 run, 1 hit, 0 errors, 0 left on base; Bloomington 3 - Port Royal 2
BOTTOM OF THE 8TH
Port Royal Disaster batting - Pitching for Bloomington Longnecks : RHP Tom Peña
Now at 3B: Cody Scott
Batting: RHB Steve Bock 0-0: Foul Ball, location: 2F
0-1: Foul Ball, location: 2F
0-2: SINGLE (Groundball, 3D, EV 97.5 MPH)
Batting: RHB Sean Roberts 0-0: Bunted foul
0-1: Bunted foul
0-2: SINGLE (Groundball, 6MD, EV 95.6 MPH)
Steve Bock to second
Runner from 2nd tries for 3rd, SAFE, throw by CF made to third
Batting: RHB Michael Brannon 0-0: Ball
1-0: Called Strike
1-1: Foul Ball, location: 2F
1-2: Strikes out swinging
Pitching: RHP Salvador Sagastizabal
Batting: RHB Jaime Espinar 0-0: Ball
1-0: Ball
2-0: Swinging Strike
2-1: Fly out, F7 (Flyball, 7D, EV 87.5 MPH)
Runner from 3rd tags up, SCORES, throw by LF
Batting: RHB Mariano Juderías 0-0: Called Strike
0-1: Ball
1-1: Ball
Wild Pitch!
Sean Roberts to second
2-1: Intentional Walk
Batting: RHB Sean Wallace 0-0: Ball
1-0: DOUBLE (Line Drive, 9LS, EV 91.2 MPH)
Sean Roberts scores
Mariano Juderías to third
Runner from 3rd tries for Home, SAFE, throw by RF to trailing runner, SAFE at third!
Batting: RHB Gerold Kent 0-0: Intentional Walk
Batting: RHB Louie Kennard 0-0: Called Strike
0-1: Ball
1-1: Ball
2-1: Swinging Strike
2-2: Ball
3-2: Ground out 6-3 (Groundball, 6, EV 86.9 MPH)
Bottom of the 8th over - 3 runs, 3 hits, 0 errors, 2 left on base; Bloomington 3 - Port Royal 5
TOP OF THE 9TH
Bloomington Longnecks batting - Pitching for Port Royal Disaster : RHP Chenor Njie
Pitching: RHP Juan Delgado
Now at 3B: Seung-soo Ch'ae
Batting: LHB Carlos Sánchez 0-0: Ball
1-0: Ball
2-0: Called Strike
2-1: Called Strike
2-2: Ball
3-2: Strikes out swinging
Batting: RHB Bernalldo Corunha 0-0: Ball
1-0: Ground out 4-3 (Groundball, 4MD, EV 104.4 MPH)
Batting: RHB Charles Sheffield 0-0: Ball
1-0: Ball
2-0: Ground out 4-3 (Groundball, 4, EV 108.1 MPH)
Top of the 9th over - 0 runs, 0 hits, 0 errors, 0 left on base; Bloomington 3 - Port Royal 5
Tuesday, January 5th, 2021 - OOTP Baseball 20.8 Build 74